 Dungeon Sprint DCSS version 0.29.1-15-g9cfb28693d (webtiles) character file.

Game seed: 14223659323235504409

3519 Groucho the Covert (level 9, -4/47 HPs)
             Began as a Spriggan Earth Elementalist on Apr 7, 2023.
             Was a High Priest of Vehumet.
             Slain by a phantasmal warrior (22 damage)
             ... in the Dungeon (Sprint VII: "The Pits").
             The game lasted 00:10:12 (4012 turns).

Groucho the Covert (Spriggan Earth Elementalist)    Turns: 4012, Time: 00:10:13

Health: -4/47      AC:  2    Str:  8    XL:     9   Next: 81%
Magic:  7/24       EV: 27    Int: 17    God:    Vehumet [*****.]
Gold:   0          SH:  0    Dex: 21    Spells: 19/29 levels left

rFire   . . .      SeeInvis +   h - +2 dagger
rCold   . . .      Faith    .   (no shield)
rNeg    . . .      Spirit   .   a - +0 robe
rPois   .          Reflect  .   (helmet restricted)
rElec   .          Harm     .   (no cloak)
rCorr   .          Rampage  .   (gloves unavailable)
Will    +....      NoTele   +   (boots unavailable)
Stlth   ++++++....              (no amulet)
HPRegen 0.15/turn               m - +3 ring of dexterity
MPRegen 0.19/turn               n - +3 ring of dexterity

@: very quick
A: very small, no large weapons, unfitting armour, see invisible, speed 3
a: Renounce Religion


You were in the Dungeon.
You worshipped Vehumet.
Vehumet was extremely pleased with you.
You visited 1 branch

Inventory:

Hand Weapons
 h - a +2 dagger (weapon)
Missiles
 l - 10 stones
Armour
 a - a +0 robe (worn)
Jewellery
 m - a +3 ring of dexterity (left hand)
 n - a +3 ring of dexterity (right hand)
Scrolls
 j - 5 scrolls of amnesia
 k - a scroll of summoning
Potions
 b - 4 potions of magic
 c - 8 potions of curing
 d - 9 potions of heal wounds
 e - 3 potions of haste
 f - 3 potions of berserk rage
 i - 2 potions of invisibility
 o - a potion of might


   Skills:
 + Level 5.1 Fighting
 + Level 7.0 Short Blades
 + Level 11.9 Dodging
 + Level 13.7 Stealth
 + Level 10.9 Spellcasting
 * Level 8.7 Conjurations
 - Level 1.3 Transmutations
 * Level 0.0 Air Magic
 + Level 9.3 Earth Magic


You had 19 spell levels left.
You knew the following spells:

 Your Spells              Type           Power      Damage    Failure   Level
a - Sandblast             Erth           82%        2d17      1%          1
b - Stone Arrow           Conj/Erth      80%        3d12      1%          3
c - Magic Dart            Conj           100%       1d8       1%          1
d - Lightning Bolt        Conj/Air       12%        1d25      11%         5

Your spell library contained the following spells:

 Spells                   Type           Power      Damage    Failure   Level
 Passwall                 Tmut/Erth      22%        N/A       1%          2
 Petrify                  Tmut/Erth      27%        N/A       9%          4


Dungeon Overview and Level Annotations

Branches:
Dungeon (1/1)

Altars:
Ashenzari
Cheibriados
Dithmenos
Elyvilon
Fedhas
Gozag
Hepliaklqana
Kikubaaqudgha
Makhleb
Nemelex Xobeh
Okawaru
Qazlal
Ru
Sif Muna
Trog
Uskayaw
Vehumet
Wu Jian
Xom
Yredelemnul
Zin
The Shining One
Jiyva
Lugonu


Innate Abilities, Weirdness & Mutations

You are very small and have problems with some larger weapons.
You are too small for most types of armour.
You have supernaturally acute eyesight. (SInv)
You cover ground extremely quickly. (Speed+++)


Message History

Unknown command.
Casting: Stone Arrow (safe; 1% risk of failure)
Confirm with . or Enter, or press ? or * to list all spells.
Aiming: Stone Arrow (safe; 1% risk of failure)
Press: ? - help, Shift-Dir - straight line, f/p - phantasmal warrior
Aim: a phantasmal warrior (moderately damaged, 76% to hit)
The stone arrow hits the phantasmal warrior!
The phantasmal warrior is heavily damaged.
The phantasmal warrior completely misses you.
Unknown command.
Unknown command.
Casting: Stone Arrow (safe; 1% risk of failure)
Confirm with . or Enter, or press ? or * to list all spells.
Aiming: Stone Arrow (safe; 1% risk of failure)
Press: ? - help, Shift-Dir - straight line, f/p - phantasmal warrior
Aim: a phantasmal warrior (heavily damaged, 76% to hit)
The stone arrow hits the phantasmal warrior.
The phantasmal warrior is severely damaged.
The phantasmal warrior misses you.
Unknown command.
Casting: Stone Arrow (safe; 1% risk of failure)
Confirm with . or Enter, or press ? or * to list all spells.
Aiming: Stone Arrow (safe; 1% risk of failure)
Press: ? - help, Shift-Dir - straight line, f/p - phantasmal warrior
Aim: a phantasmal warrior (severely damaged, 76% to hit)
The stone arrow hits the phantasmal warrior.
The phantasmal warrior is severely damaged.
The warg howls!
The phantasmal warrior hits you!!
Ouch! That really hurt!
Unknown command.
Unknown command.
Casting: Stone Arrow (safe; 1% risk of failure)
Confirm with . or Enter, or press ? or * to list all spells.
Aiming: Stone Arrow (safe; 1% risk of failure)
Press: ? - help, Shift-Dir - straight line, f/p - phantasmal warrior
Aim: a phantasmal warrior (severely damaged, 76% to hit)
The stone arrow misses the phantasmal warrior.
The phantasmal warrior hits you!!
You die...

'##................#
.##......#..#......#
.##................+
..'.).).....)......+
###......#..#......#
[##................#
)#####'#####''######
)##.......##''##########
)##.......##....@.'..'..
.##.......##.....W'..'..
###...<...##.....##..##.
.##.......##..h### ..#
.##.......##..## ...
###.......##''# .. .
##########... .
############'h#o
#....#..[[# #.


You could see a phantasmal warrior and a warg.

Vanquished Creatures
  A death yak (D)
  A large abomination (D)
  An orc sorcerer (D)
  A smoke demon (D)
  An efreet (D)
  An ice devil (D)
  A polar bear (D)
  Sigmund (D)
  Grum (D)
  A basilisk (D)
  An ice beast (D)
  An ogre (D)
  3 wolves (D)
  A necrophage (D)
  A bullfrog (D)
  2 orc priests (D)
  2 jellies (D)
  An orc wizard (D)
  A gnoll (D)
  An adder (D)
  A white imp (D)
  2 ufetubi (D)
  2 orcs (D)
  2 ball pythons (D)
  A giant cockroach (D)
  A quokka (D)
  A ball python skeleton (D)
  A bat (D)
  2 frilled lizards (D)
37 creatures vanquished.

Notes
Turn   | Place    | Note
-------+----------+-------------------------------------------
     0 | D        | Groucho the Spriggan Earth Elementalist began the quest for
                  | the Orb.
     0 | D        | Reached XP level 1. HP: 9/9 MP: 5/5
    27 | D        | Reached skill level 4 in Stealth
    27 | D        | Reached XP level 2. HP: 13/13 MP: 1/7
    66 | D        | Found a bloodstained altar of Trog.
    66 | D        | Found a shimmering blue altar of Sif Muna.
    66 | D        | Found a viscous altar of Jiyva.
    66 | D        | Found a hazy altar of Hepliaklqana.
    66 | D        | Found an opulent altar of Gozag.
    67 | D        | Found a glowing golden altar of the Shining One.
    67 | D        | Found a glowing silver altar of Zin.
    67 | D        | Found a basalt altar of Yredelemnul.
    67 | D        | Found a shimmering altar of Xom.
    67 | D        | Found an ornate altar of the Wu Jian Council.
    67 | D        | Found a sacrificial altar of Ru.
    67 | D        | Found a stormy altar of Qazlal.
    67 | D        | Found an iron altar of Okawaru.
    67 | D        | Found a sparkling altar of Nemelex Xobeh.
    67 | D        | Found a burning altar of Makhleb.
    67 | D        | Found a blossoming altar of Fedhas.
    67 | D        | Found a white marble altar of Elyvilon.
    67 | D        | Found a shadowy altar of Dithmenos.
    67 | D        | Found a snail-covered altar of Cheibriados.
    69 | D        | Found a radiant altar of Vehumet.
    69 | D        | Found a corrupted altar of Lugonu.
    70 | D        | Found a hide-covered altar of Uskayaw.
    70 | D        | Found an ancient bone altar of Kikubaaqudgha.
    70 | D        | Found a broken altar of Ashenzari.
    77 | D        | Became a worshipper of Vehumet
   307 | D        | Reached * piety under Vehumet
   307 | D        | Offered knowledge of Foxfire by Vehumet.
   310 | D        | Reached skill level 5 in Stealth
   620 | D        | Reached XP level 3. HP: 16/16 MP: 5/9
   628 | D        | Reached ** piety under Vehumet
   628 | D        | Offered knowledge of Magic Dart by Vehumet.
   629 | D        | Reached skill level 5 in Dodging
   629 | D        | Reached skill level 5 in Earth Magic
   634 | D        | Learned a level 3 spell: Stone Arrow
   636 | D        | Learned a level 1 spell: Magic Dart
   849 | D        | Reached skill level 6 in Stealth
   893 | D        | Noticed a bullfrog
   910 | D        | Killed a bullfrog
   910 | D        | Offered knowledge of Ignite Poison by Vehumet.
   911 | D        | Reached skill level 7 in Stealth
   911 | D        | Reached skill level 5 in Spellcasting
   911 | D        | Reached XP level 4. HP: 21/21 MP: 9/12
   946 | D        | Noticed Sigmund
   967 | D        | HP: 1/21 [Sigmund/puff of flame (10)]
   976 | D        | Killed Sigmund
   977 | D        | Reached skill level 8 in Stealth
   977 | D        | Reached XP level 5. HP: 14/24 MP: 9/15
   977 | D        | Reached XP level 6. HP: 17/28 MP: 9/16
   978 | D        | Reached *** piety under Vehumet
   982 | D        | Reached skill level 9 in Stealth
  1089 | D        | Offered knowledge of Fulminant Prism by Vehumet.
  1260 | D        | Reached **** piety under Vehumet
  1286 | D        | Offered knowledge of Irradiate by Vehumet.
  1665 | D        | Noticed a death yak
  1738 | D        | Killed a death yak
  1739 | D        | Reached skill level 11 in Stealth
  1739 | D        | Reached XP level 7. HP: 34/35 MP: 2/20
  1739 | D        | Reached XP level 8. HP: 37/39 MP: 2/21
  2127 | D        | Reached ***** piety under Vehumet
  2128 | D        | Offered knowledge of Olgreb's Toxic Radiance by Vehumet.
  2434 | D        | Noticed an efreet
  2467 | D        | Reached skill level 10 in Dodging
  2472 | D        | Killed an efreet
  2473 | D        | Reached skill level 12 in Stealth
  2872 | D        | Noticed a polar bear
  2872 | D        | Noticed an ice devil
  2875 | D        | Killed a polar bear
  2902 | D        | Killed an ice devil
  2903 | D        | Reached skill level 5 in Short Blades
  3244 | D        | Noticed a smoke demon
  3248 | D        | Killed a smoke demon
  3249 | D        | Reached skill level 10 in Spellcasting
  3249 | D        | Reached XP level 9. HP: 22/45 MP: 11/24
  3254 | D        | Noticed an orc sorcerer
  3346 | D        | Noticed Grum
  3351 | D        | Killed Grum
  3352 | D        | Reached skill level 13 in Stealth
  3524 | D        | Noticed a large abomination
  3588 | D        | Killed a large abomination
  3749 | D        | Killed an orc sorcerer
  3749 | D        | Offered knowledge of Lightning Bolt by Vehumet.
  3750 | D        | Reached skill level 5 in Fighting
  3996 | D        | Learned a level 5 spell: Lightning Bolt
  4004 | D        | Noticed a phantasmal warrior
  4012 | D        | Slain by a phantasmal warrior

Illustrated notes

Levels and vault maps discovered:
D:        pitsprint [storerooms_1, entrance_room_1, metal_vault_4, armoury_3,
          mini_pit_1, grid_room_1, main_hall_1, silver_pit, the_coven_2,
          the_vestibule_1, steel_vault_2, golden_pit, hallway_of_sentries,
          crystal_vault_4, iron_vault_2, final_vault]

Skill      XL: |  1  2  3  4  5  6  7  8  9 |
---------------+----------------------------+-----
Dodging        | 3 4 6 7 9 11 | 11.9
Stealth        | 4 5 7 8 11 12 13 | 13.7
Spellcasting   | 3 4 5 6 8 10 | 10.9
Earth Magic    | 3 4 6 8 9 |  9.3
Conjurations   | 3 6 7 8 |  8.7
Fighting       | 2 4 5 |  5.1
Short Blades   | 3 5 7 |  7.0
Transmutations | |  1.3

Action                   |  1- 3 |  4- 6 |  7- 9 || total
-------------------------+-------+-------+-------++-------
Melee: Dagger            |       |     3 |     4 ||     7
 Cast: Sandblast         |    16 |    28 |    13 ||    57
       Stone Arrow       |       |     5 |    61 ||    66
       Magic Dart        |       |       |     1 ||     1
  Use: Potion            |       |     1 |     3 ||     4
       Scroll            |       |       |     1 ||     1
Armor: Robe              |       |     1 |     1 ||     2
Dodge: Dodged            |     4 |     8 |    26 ||    38
